 Dungeon Crawl Stone Soup version 0.24-a0-586-g8e0e932a4c (webtiles) character file.

Game seed: 16701927585202756564, levelgen mode: deterministic

24 Flugkiller the Gusty (level 3, -5/21 HPs)
             Began as an Octopode Air Elementalist on Sept 8, 2019.
             Slain by an iguana (12 damage)
             ... on level 2 of the Dungeon.
             The game lasted 00:02:00 (832 turns).

Flugkiller the Gusty (Octopode Air Elementalist)     Turns: 832, Time: 00:02:01

Health: -5/21      AC:  1    Str:  7    XL:     3   Next: 2%
Magic:  4/6        EV: 13    Int: 18    God:
Gold:   97         SH:  0    Dex: 12    Spells: 3/6 levels left

rFire    . . .     SeeInvis .   a - +2 dagger (vamp)
rCold    . . .     Gourm    .   (no shield)
rNeg     . . .     Faith    .   (helmet restricted)
rPois    .         Spirit   .   (no amulet)
rElec    .         Reflect  .   (no ring)
rCorr    .         Harm     .   (no ring)
MR       .....                  (no ring)
Stlth    +++.......             (no ring)
HPRegen  0.07/turn              (no ring)
MPRegen  0.10/turn              (no ring)
                                (no ring)
                                (no ring)

@: very slightly contaminated
A: almost no armour, stealthy swim, amphibious, 8 rings, constrict 8, camouflage
1, gelatinous body 1
a: no special abilities


You were on level 2 of the Dungeon.
You were not hungry.

You visited 1 branch of the dungeon, and saw 2 of its levels.

You collected 97 gold pieces.

Inventory:

Hand Weapons
 a - a +2 vampiric dagger (weapon)
   (You took it off a goblin on level 2 of the Dungeon)
Jewellery
 e - an uncursed amulet of faith {unknown}
   (You found it on level 1 of the Dungeon)
Scrolls
 c - 2 scrolls of remove curse
 g - a scroll of teleportation {unknown}
Potions
 f - 2 potions of haste {unknown}
Comestibles
 b - 5 rations


   Skills:
 - Level 2.0 Dodging
 - Level 2.6 Stealth
 + Level 2.2 Spellcasting
 * Level 1.9 Conjurations
 * Level 3.4 Air Magic


You had 3 spell levels left.
You knew the following spells:

 Your Spells              Type           Power        Failure   Level  Hunger
a - Shock                 Conj/Air       ##..         6%          1    #......
b - Swiftness             Chrm/Air       #.......     13%         2    ##.....

Your spell library contained the following spells:

 Spells                   Type           Power        Failure   Level  Hunger
 Static Discharge         Conj/Air       ##......     17%         3    ###....
 Airstrike                Air            ##........   38%         4    #####..
 Lightning Bolt           Conj/Air       ##........   85%         5    ######.


Dungeon Overview and Level Annotations

Branches:
Dungeon (2/15)

Altars:


Innate Abilities, Weirdness & Mutations

You cannot wear most types of armour.
You are very stealthy in the water. (Stealth+)
You are amphibious.
You can wear up to eight rings at the same time.
You can use your tentacles to constrict eight enemies at once.
Your skin changes colour to match your surroundings (Stealth+).
Your rubbery body absorbs attacks. (AC +1, EV +1)


Message History

Found 13 gold pieces.
An iguana comes into view.
You see here 17 gold pieces.
The iguana hisses angrily.
You see here 8 gold pieces.
An iguana is nearby!
You now have 80 gold pieces (gained 8).
A goblin comes into view.
You see here 17 gold pieces.
You now have 97 gold pieces (gained 17).
Casting: Shock (safe; 6% risk of failure)
Confirm with . or Enter, or press ? or * to list all spells.
Aiming: Shock (safe; 6% risk of failure)
Press: ? - help, Shift-Dir - straight line, f - iguana
Aim: an iguana The zap hits the iguana.
The iguana is lightly wounded.
Casting: Shock (safe; 6% risk of failure)
Confirm with . or Enter, or press ? or * to list all spells.
Aiming: Shock (safe; 6% risk of failure)
Press: ? - help, Shift-Dir - straight line, f/p - iguana
Aim: an iguana (lightly wounded)
You miscast Shock.
You are very lightly contaminated with residual magic.
Nothing appears to happen.
You completely miss the iguana. Your grab misses the iguana.
The iguana is lightly wounded.
The iguana misses you.
You hit the iguana but do no damage. Your grab misses the iguana.
The iguana is lightly wounded.
The iguana bites you.
You hit the iguana but do no damage. Your grab misses the iguana.
The iguana is lightly wounded.
The iguana closely misses you.
You hit the iguana.
You feel better.
You grab the iguana.
The iguana is lightly wounded.
You constrict the iguana. The iguana closely misses you.
You hit the iguana but do no damage.
The iguana is moderately wounded.
You constrict the iguana. The iguana bites you.
You barely miss the iguana.
The iguana is moderately wounded.
You constrict the iguana, but do no damage.
The iguana bites you!
Ouch! That really hurt!
* * * LOW HITPOINT WARNING * * *
You release your grip on the iguana.
The iguana bites you!
Ouch! That really hurt!
You die...

###.#.######### ..$.g.
#...#.##>....(. .....
#.###......# ###....
...........# #....#
#.######.###.# #....# #<#
#.....# #....#
########.##### #....#
..........############....#
#######........@l.........+
#.#.############....# #.#.#
#######....# #.#.#
#$..w......# #.#..
+..........# #.###
#......##### #. #..r...
#...... #......


You could see an iguana.

Vanquished Creatures
  A worm (D:2)
  2 dart slugs
  2 giant cockroaches (D:1)
  2 goblins
  A hobgoblin (D:1)
  2 jackals (D:1)
  5 frilled lizards
  A kobold (D:1)
  2 rats
18 creatures vanquished.

Notes
Turn   | Place    | Note
-------+----------+-------------------------------------------
     0 | D:1      | Flugkiller the Octopode Air Elementalist began the quest
                  | for the Orb.
     0 | D:1      | Reached XP level 1. HP: 11/11 MP: 3/3
   283 | D:1      | Reached XP level 2. HP: 14/17 MP: 5/5
   391 | D:1      | Learned a level 2 spell: Swiftness
   807 | D:2      | Reached XP level 3. HP: 21/21 MP: 3/6
   832 | D:2      | Slain by an iguana

Levels and vault maps discovered:
D:1:      lightli_arrival_chessboard, layout_loops_cross
D:2:      layout_basic

Action                   || total
-------------------------++-------
Melee: Dagger            ||    35
       Unarmed           ||     6
       Constrict         ||    13
       Tentacles         ||     7
 Cast: Shock             ||    11
  Use: Scroll            ||     1
 Stab: Sleeping          ||     4
Armor: Skin              ||     1
Dodge: Dodged            ||    22

Table legend:
 A = Non-vault XP
 B = Vault XP
 C = Vault XP percentage of total XP
 D = Non-vault monster count
 E = Vault monster count
 F = Vault count percentage of total count
                 A         B        C        D         E       F
            +---------+---------+-------+---------+---------+-------
      Total |      35 |       0 |   0.0 |      18 |       0 |   0.0
            +---------+---------+-------+---------+---------+-------
        D:1 |      21 |       0 |   0.0 |      12 |       0 |   0.0
        D:2 |      14 |       0 |   0.0 |       6 |       0 |   0.0
            +---------+---------+-------+---------+---------+-------
